 Dungeon Crawl Stone Soup version 0.28.0-45-g0d030f2227 (webtiles) character file.

Game seed: 8547708694137288353

8 bobregger the Ducker (level 2, -2/23 HPs)
             Began as an Ogre Wanderer on Apr 18, 2022.
             Slain by a jackal (3 damage)
             ... on level 1 of the Dungeon.
             The game lasted 00:00:40 (252 turns).

bobregger the Ducker (Ogre Wanderer)                 Turns: 252, Time: 00:00:41

Health: -2/23      AC:  3    Str: 14    XL:     2   Next: 8%
Magic:  3/3        EV: 10    Int: 12    God:
Gold:   0          SH:  0    Dex: 10    Spells: 2/3 levels left

rFire   . . .      SeeInvis .   a - +0 club
rCold   . . .      Faith    .   (no shield)
rNeg    . . .      Spirit   .   d - +0 robe
rPois   .          Reflect  .   (helmet restricted)
rElec   .          Harm     .   (no cloak)
rCorr   .          Rampage  .   (gloves unavailable)
Will    .....                   (boots unavailable)
Stlth   +.........              (no amulet)
HPRegen 0.07/turn               (no ring)
MPRegen 0.08/turn               (no ring)

@: no status effects
A: large, unfitting armour, tough skin 1, frail 1, screaming 1, wild magic 1
a: no special abilities


You were on level 1 of the Dungeon.
You visited 1 branch of the dungeon, and saw 1 of its levels.

Inventory:

Hand Weapons
 a - a +0 club (weapon)
Missiles
 b - 4 throwing nets (quivered)
Armour
 d - a +0 robe (worn)
Scrolls
 c - a scroll of fog


   Skills:
 + Level 0.9 Fighting
 + Level 0.5 Maces & Flails
 * Level 4.3 Dodging
 - Level 1.0 Stealth
 - Level 1.2 Spellcasting
 - Level 1.7 Fire Magic


You had 2 spell levels left.
You knew the following spells:

 Your Spells              Type           Power      Damage    Failure   Level
a - Foxfire               Conj/Fire      12%        2x1d4     28%         1

Your spell library contained the following spells:

 Spells                   Type           Power      Damage    Failure   Level
 Shock                    Conj/Air       0%         1d3       38%         1
 Ignite Poison            Fire/Tmut/Pois 2%         N/A       65%         3
 Swiftness                Air            0%         N/A       73%         3
 Airstrike                Air            0%         N/A       98%         4


Dungeon Overview and Level Annotations

Branches:
Dungeon (1/15)

Altars:


Innate Abilities, Weirdness & Mutations

You are too large for most types of armour.
You have tough skin. (AC +1)
You are frail. (-10% HP)
You occasionally shout uncontrollably at your foes.
Your spells are a little harder to cast, but a little more powerful.


Message History

The jackal bites you.
You closely miss the jackal.
The jackal is moderately wounded.
The jackal completely misses you. The jackal bites you.
You closely miss the jackal.
The jackal is moderately wounded.
The jackal bites you.
* * * LOW HITPOINT WARNING * * *
It was a potion of mutation.
You feel extremely strange.
You feel the urge to shout.
You feel less in control of your magic.
You feel frail. The jackal closely misses you. The jackal bites you.
* * * LOW HITPOINT WARNING * * *
You hit the jackal.
The jackal is almost dead.
The jackal closely misses you. The jackal bites you.
* * * LOW HITPOINT WARNING * * *
You hit the jackal.
The jackal is almost dead.
The jackal barely misses you.
The jackal bites you but does no damage.
You hit the jackal.
You kill the jackal!
The jackal barely misses you.
You hit the jackal.
The jackal is severely wounded.
The jackal bites you but does no damage.
The jackal misses you.
You miss the jackal.
The jackal is severely wounded.
The jackal barely misses you. The jackal closely misses you.
You closely miss the jackal.
The jackal is severely wounded.
The jackal barely misses you.
You closely miss the jackal.
The jackal is severely wounded.
The jackal bites you.
* * * LOW HITPOINT WARNING * * *
The jackal bites you.
You die...

#...........>#.#.# #...
#..............#.###.##
.#.........##.........##
..............###..####.
#..[......#######.###..
#.....h..###.....†....#
######h### #..........#
#h# #..........# #@#
#..........# ###
#..........#
#..........#
#..........#
############


You could see 3 jackals.

Vanquished Creatures
  A dart slug (D:1)
  2 endoplasms (D:1)
  A jackal (D:1)
  2 frilled lizards (D:1)
6 creatures vanquished.

Notes
Turn   | Place    | Note
-------+----------+-------------------------------------------
     0 | D:1      | bobregger the Ogre Wanderer began the quest for the Orb.
     0 | D:1      | bobregger set off with the following items: a +0 club, 4
                  | throwing nets, a scroll of fog, a +0 robe; and the
                  | following spell memorised: Foxfire; and the following
                  | spells available to memorise: Ignite Poison
     0 | D:1      | Reached XP level 1. HP: 16/16 MP: 2/2
   194 | D:1      | Reached XP level 2. HP: 26/26 MP: 3/3
   245 | D:1      | Gained mutation: You occasionally shout uncontrollably at
                  | your foes. [potion of mutation]
   245 | D:1      | Gained mutation: Your spells are a little harder to cast,
                  | but a little more powerful. [potion of mutation]
   245 | D:1      | Gained mutation: You are frail. (-10% HP) [potion of
                  | mutation]
   246 | D:1      | HP: 1/23 [jackal (3)]
   252 | D:1      | HP: 1/23 [jackal (1)]
   252 | D:1      | Slain by a jackal

Illustrated notes

Levels and vault maps discovered:
D:1:      minmay_arrival_stone_box, layout_rooms,
          hellmonk_ecumenical_altar_inner_sanctum

Action                   || total
-------------------------++-------
Melee: Club              ||    48
       Punch             ||     1
  Use: Potion            ||     1
Armor: Robe              ||    16
Dodge: Dodged            ||    34
